Map: Ever Dream LE

Players

Neeb - Winner!

  • Race: Protoss Protoss
  • Spawn Location: 1:00

INnoVation

  • Race: Terran Terran
  • Spawn Location: 7:00

Event: StayAtHomestory Cup #2

VOD

Have the link to the VOD?

Description

Time

  • Played on: June 12, 2020, 9:56 a.m.
  • Length: 9:18

All games in this series

Show
View Real Time Build Order
Export as new Build Order

Neeb Protoss - Winner!

Build Orders: 1 Gate Expand, Blink Stalkers 

Get SALT Encoding   

  12  0:00  Probe  
  13  0:13  Probe  
  14  0:17  Pylon  
  14  0:24  Probe  
  15  0:32  Probe  
  15  0:36  Gateway  
  15  0:40  Probe  
  16  0:45  Assimilator  
  17  0:51  Probe  
  18  1:03  Probe  
  19  1:15  Probe  
  20  1:22  Cybernetics Core  
  20  1:32  Nexus  
  20  1:35  Probe  
  21  1:41  Pylon  
  21  1:47  Probe  
  21  1:49  Adept  
  21  1:50  Assimilator  
  21  1:58  Probe  
  21  2:01  Warp Gate  
  24  2:06  Probe  
  24  2:14  Probe  
  25  2:18  Stalker  
  28  2:26  Probe  
  29  2:32  Twilight Council  
  29  2:38  Probe  
  29  2:39  Stalker  
  30  2:48  Probe  
  30  2:50  Probe, Blink  
  34  3:01  Probe  
  34  3:02  Probe  
  36  3:13  Probe  
  36  3:14  Probe  
  38  3:25  Probe  
  38  3:26  Probe  
  40  3:27  Robotics Facility  
  40  3:32  Pylon  
  40  3:37  Probe  
  40  3:38  Probe  
  42  3:42  Gateway  
  42  3:44  Gateway  
  42  3:49  Probe  
  42  3:50  Probe  
  42  3:51  Gateway  
  44  3:59  Stalker  
  44  4:01  Probe, Pylon  
  44  4:02  Probe  
  48  4:03  Assimilator  
  48  4:08  Observer  
  48  4:13  Probe  
  48  4:14  Probe  
  48  4:16  Pylon  
  51  4:17  Shield Battery  
  51  4:22  Stalker  
  53  4:25  Probe, Warp Prism  
  53  4:27  Probe  
  57  4:38  Stalker  
  57  4:39  Stalker  
  61  4:46  Stalker, Pylon  
  61  4:49  Stalker  
  67  5:02  Observer, Stalker  
  67  5:03  Pylon  
  67  5:04  Stalker  
  70  5:07  Probe  
  70  5:10  Assimilator  
  70  5:13  Probe  
  72  5:16  Pylon  
  72  5:21  Observer  
  72  5:28  Nexus  
  72  5:30  Pylon  
  72  5:31  Observer  
  72  5:38  Stalker x3  
  72  5:40  Stalker  
  80  5:48  Probe  
  81  5:51  Probe  
  81  5:56  Robotics Bay  
  82  5:58  Forge  
  80  6:06  Probe  
  80  6:10  Stalker x4  
  85  6:19  Probe  
  85  6:23  Probe  
  75  6:36  Stalker x4  
  76  6:40  Probe  
  76  6:43  Probe  
  72  6:52  Probe  
  72  6:55  Probe  
  73  7:03  Stalker x3  
  73  7:04  Probe  
  73  7:05  Stalker  
  78  7:09  Probe  
  78  7:10  Colossus  
  79  7:17  Probe  
  79  7:20  Probe  
  79  7:21  Probe  
  82  7:26  Gateway  
  82  7:27  Gateway  
  82  7:29  Probe, Gateway  
  89  7:30  Charge  
  89  7:37  Probe x2  
  89  7:41  Probe  
  92  7:49  Probe  
  92  7:50  Probe  
  94  7:54  Probe  
  95  7:59  Zealot x4  
  95  8:01  Colossus  
  103  8:06  Pylon  
  103  8:12  Shield Battery  
  109  8:15  Pylon  
  109  8:24  Gateway  
  109  8:26  Pylon  
  109  8:34  Stalker x2  
  109  8:35  Stalker  
  109  8:36  Zealot x2  
  109  8:37  Zealot x2  
  115  8:45  Probe  
  106  8:55  Pylon  
  102  8:57  Pylon  
  102  8:59  Zealot  
  102  9:00  Zealot x4  
  112  9:10  Stalker  
Show
View Real Time Build Order
Export as new Build Order

INnoVation Terran 

Build Orders:  

Get SALT Encoding   

  12  0:00  SCV  
  13  0:13  SCV  
  14  0:17  Supply Depot  
  14  0:25  SCV  
  15  0:38  SCV  
  15  0:40  Barracks  
  16  0:43  Refinery  
  16  0:51  SCV  
  17  1:03  SCV  
  18  1:15  SCV  
  19  1:26  Marine  
  19  1:27  Orbital Command  
  20  1:45  Barracks Reactor  
  20  1:49  Command Center  
  20  1:53  SCV  
  21  1:58  Supply Depot  
  21  2:05  SCV  
  22  2:08  Factory  
  22  2:17  SCV  
  22  2:18  Bunker  
  22  2:20  Marine  
  22  2:22  Marine  
  24  2:29  SCV  
  26  2:31  Refinery  
  26  2:38  Marine  
  26  2:40  Marine  
  26  2:41  SCV  
  29  2:53  Starport  
  29  2:56  Factory Tech Lab  
  29  2:57  Marine  
  29  2:58  Marine  
  30  3:06  Orbital Command  
  30  3:09  SCV  
  31  3:20  Marine  
  31  3:21  SCV, Marine  
  34  3:31  SCV  
  34  3:33  SCV  
  36  3:35  Raven  
  36  3:38  Marine x2, Factory Tech Lab  
  36  3:40  Supply Depot  
  40  3:43  SCV  
  40  3:45  SCV  
  42  3:50  Supply Depot  
  42  3:56  Marine x2  
  42  3:57  SCV x2  
  42  4:02  Siege Tank  
  49  4:05  Supply Depot  
  49  4:09  SCV x2  
  51  4:14  Marine x2  
  53  4:21  Banshee  
  53  4:22  SCV x2  
  58  4:27  Supply Depot  
  58  4:32  Marine x2  
  58  4:35  SCV x2  
  62  4:41  Supply Depot  
  62  4:44  Siege Tank  
  65  4:47  SCV  
  65  4:48  SCV  
  65  4:49  Marine  
  65  4:50  Marine  
  69  4:54  Supply Depot  
  69  5:00  SCV x2, Command Center  
  69  5:05  Banshee  
  74  5:07  Marine x2  
  76  5:15  SCV x2, Barracks  
  78  5:21  Barracks  
  78  5:25  Siege Tank  
  78  5:27  Marine x2  
  82  5:34  SCV x2  
  83  5:37  Refinery  
  83  5:39  Supply Depot  
  83  5:45  Marine x2  
  83  5:46  SCV x2  
  83  5:48  Banshee  
  88  5:54  Supply Depot  
  88  6:03  SCV x2  
  86  6:07  Marine x2  
  86  6:08  Marine  
  86  6:10  Siege Tank  
  90  6:15  SCV x2  
  90  6:17  Refinery  
  87  6:18  Refinery  
  87  6:25  Marine x2  
  78  6:29  SCV x2  
  78  6:30  Marine  
  78  6:32  Banshee  
  75  6:41  SCV x2  
  75  6:42  Marine  
  75  6:43  Marine  
  76  6:47  Marine  
  76  6:56  SCV x2  
  76  7:00  Marine x3  
  80  7:05  Marine  
  81  7:10  Factory Tech Lab  
  81  7:11  SCV x2  
  83  7:18  Marine x3  
  83  7:19  Banshee  
  89  7:23  SCV, Marine  
  89  7:24  Barracks  
  89  7:26  Barracks  
  89  7:28  Siege Tank  
  89  7:29  SCV  
  95  7:35  SCV, Marine  
  95  7:36  Marine  
  98  7:41  Marine x2  
  98  7:42  SCV  
  101  7:45  Supply Depot x2  
  101  7:47  SCV  
  102  7:53  Marine  
  102  7:54  Marine  
  104  7:59  Marine x2  
  104  8:00  Siege Tank  
  104  8:02  Banshee  
  111  8:11  Marine x2  
  113  8:14  Marine x2  
  113  8:17  Marine x2  
  117  8:23  Orbital Command  
  115  8:29  Marine x2  
  115  8:32  Siege Tank  
  115  8:33  Marine x2  
  116  8:35  Marine x2  
  104  8:47  Marine  
  94  8:54  Bunker x2  
  94  8:55  Marine x4  
  97  8:57  Marine  
Tags
 
Add a new tag
Caveats
  • Supply blocks, unpowered buildings, or Contaminate may cause inaccurate times.
  • Supply counts are checked every 10 seconds.